 Dungeon Crawl Stone Soup version 0.31-a0-435-g2c6fae2916 (webtiles) character file.

Game seed: 18028134697168371311

2469 drugrobin the Cleaver (level 9, -8/78 HPs)
             Began as a Demigod Delver on Aug 1, 2023.
             Mangled by a gargoyle
             ... wielding a +0 mace
              (14 damage)
             ... on level 7 of the Dungeon.
             The game lasted 00:23:59 (7782 turns).

drugrobin the Cleaver (Demigod Delver)              Turns: 7782, Time: 00:23:59

Health: -8/78      AC: 10    Str: 25    XL:     9   Next: 6%
Magic:  11/11      EV: 10    Int: 12    God:
Gold:   303        SH:  6    Dex: 15    Spells: 8/8 levels left

rFire   . . .        a - +2 hand axe (flame)
rCold   . . .        N - +2 buckler
rNeg    . . .        o - +0 scale mail
rPois   +            (no helmet)
rElec   .            (no cloak)
rCorr   .            C - +0 pair of gloves
SInv    +            i - +0 pair of boots
Will    +....        (no amulet)
Stlth   +            s - ring of Heresy {rPois SInv}
HPRegen 0.33/turn    y - ring of willpower
MPRegen 0.12/turn

%: no passive effects
@: no status effects
A: high MP 1, forlorn, divine attributes, iridescent scales 1, teleportitis 1
a: no special abilities


You were on level 7 of the Dungeon.
You visited 2 branches of the dungeon, and saw 8 of its levels.
You also visited: Sewer.

You collected 303 gold pieces.

Inventory:

Hand Weapons
 a - a +2 hand axe of flaming (weapon)
 b - the +5 sling of Ituoli {heavy, rElec rC+ Str+2}
   (You found it on level 5 of the Dungeon)

   Str:       It affects your strength (+2).
   rC:        It protects you from cold.
   rElec:     It insulates you from electricity.
 c - a +0 war axe
 w - a +0 hand axe
 K - a +1 whip of flaming
Missiles
 m - 12 poisoned darts
 t - 6 boomerangs (quivered)
Armour
 i - a +0 pair of boots (worn)
 k - a +0 leather armour
 o - a +0 scale mail (worn)
 u - a +2 robe
 C - a +0 pair of gloves (worn)
 F - an orb of energy
 N - a +2 buckler (worn)
Jewellery
 s - the ring of Heresy (left hand) {rPois SInv}
   (You found it on level 4 of the Dungeon)

   [ring of see invisible]

   rPois:     It protects you from poison.
   SInv:      It lets you see invisible.
 x - a ring of fire
 y - a ring of willpower (right hand)
 E - a ring of magical power
 I - a ring of fire
Wands
 e - a wand of polymorph (6)
 g - a wand of digging (9)
 h - a wand of flame (3)
Scrolls
 d - 2 scrolls of revelation
 n - 2 scrolls of enchant weapon
 p - 3 scrolls of blinking
 q - 3 scrolls of enchant armour
 r - 3 scrolls of teleportation {unknown}
 A - 2 scrolls of vulnerability
 D - a scroll of silence
 J - a scroll of fear
 L - a scroll of summoning
 M - a scroll of fog
Potions
 f - 2 potions of haste
 j - a potion of might
 l - 6 potions of curing
 z - 2 potions of enlightenment
 B - a potion of cancellation
 G - a potion of resistance
 H - 2 potions of lignification {unknown}


   Skills:
 + Level 6.6 Fighting
 + Level 8.9 Axes
 - Level 2.0 Dodging
 - Level 4.6 Stealth
 - Level 4.0 Evocations


You had 8 spell levels left.
You didn't know any spells.
Your spell library contained the following spells:

 Spells                   Type           Power      Damage    Failure   Level
 Cigotuvi's Dreadful Rot  Necr/Pois/Air  0%         N/A       83%         2
 Inner Flame              Hex/Fire       0%         N/A       97%         3
 Dispel Undead            Necr           0%         3d6       100%        4
 Yara's Violent Unravell  Hex/Tmut       0%         3d3       100%        5
 Death Channel            Necr           0%         N/A       100%        6
 Enfeeble                 Hex            0%         N/A       100%        7


Dungeon Overview and Level Annotations

Branches:
Dungeon (7/15)             Temple (1/1) D:4           Sewer (visited)

Shops:
D:3 [

Annotations:
D:5 exclusion: iguana
D:6 Maggie


Innate Abilities, Weirdness & Mutations

You have an increased reservoir of magic. (+10% MP)
You shall have no god before yourself.
Your divine heritage dramatically boosts your attributes as you level up.
You are partially covered in iridescent scales. (AC +2)
You are occasionally teleported next to monsters.


Message History

You block the stone arrow.
Unknown command.
You completely miss the gargoyle.
The gargoyle is severely damaged.
The gargoyle hurls a stone arrow at you.
The stone arrow misses you.
You hit the gargoyle but do no damage.
The gargoyle is severely damaged.
The gargoyle hits you with a +0 mace.
You barely miss the gargoyle.
The gargoyle is severely damaged.
The gargoyle hurls a stone arrow at you.
The stone arrow hits you!!
Unknown command.
Unknown command.
You hit the gargoyle but do no damage.
The gargoyle is severely damaged.
Unknown command.
Unknown command.
You hit the gargoyle but do no damage.
The gargoyle is severely damaged.
The gargoyle hits you with a +0 mace!
* * * LOW HITPOINT WARNING * * *
Unknown command.
Unknown command.
Unknown command.
You hit the gargoyle but do no damage.
The gargoyle is severely damaged.
The gargoyle hurls a stone arrow at you.
The stone arrow hits you!
* * * LOW HITPOINT WARNING * * *
Unknown command.
Unknown command.
Unknown command.
Okay, then.
Okay, then.
You hit the gargoyle but do no damage.
The gargoyle is severely damaged.
The gargoyle hits you with a +0 mace!
You die...

# ##### # #...######### #
#...).....@9###############
#
#...#######................
## ##.## ################.
.#######.# #. .........# #.
.######### #. ### #9 ..####
#. .....# #.


You could see a gargoyle.

Vanquished Creatures
  A yak (D:7)
  A steam dragon (D:7)
  3 ice beasts
  4 black bears
  A sky beast (D:7)
  A centaur (D:7)
  A gnoll sergeant (D:7)
  3 bullfrogs
  A scorpion (D:5)
  A jelly (D:6)
  4 orc priests (D:6)
  3 hounds
  3 sleepcaps (D:7)
  3 iguanas
  2 gnoll boudas
  Natasha (thrice) (D:4)
  7 orc wizards
  10 gnolls
  9 adders
  2 shadow imps
  4 white imps
  2 worms
  3 dart slugs
  18 orcs
  16 ball pythons
  13 endoplasms
  15 giant cockroaches
  6 goblins
  8 hobgoblins
  2 jackals (D:1)
  6 kobolds
  16 quokkas
  2 bats
  15 frilled lizards
  3 rats
  A butterfly (D:5)
193 creatures vanquished.

Notes
Turn   | Place    | Note
-------+----------+-------------------------------------------
     0 | D:5      | drugrobin the Demigod Delver began the quest for the Orb.
     0 | D:5      | Reached XP level 1. HP: 18/18 MP: 3/3
    10 | D:5      | Noticed an orc priest
    10 | D:5      | Noticed an orc wizard
    35 | D:5      | Reached skill level 2 in Axes
    41 | D:5      | Reached XP level 2. HP: 7/25 MP: 4/4
   216 | D:5      | Gained mutation: You are occasionally teleported next to
                  | monsters. [potion of mutation]
   216 | D:5      | Gained mutation: You are partially covered in iridescent
                  | scales. (AC +2) [potion of mutation]
   223 | D:5      | Reached skill level 3 in Axes
   223 | D:5      | Reached XP level 3. HP: 4/30 MP: 5/5
   380 | D:4      | Found a staircase to the Ecumenical Temple.
   414 | Temple   | Entered the Ecumenical Temple
   471 | D:5      | Identified the +5 sling of Ituoli {heavy, rElec rC+ Str+2}
   474 | D:5      | Noticed a black bear
   782 | D:5      | Noticed a scorpion
   786 | D:5      | Killed a scorpion
   787 | D:5      | Reached skill level 1 in Evocations
   787 | D:5      | Reached XP level 4. HP: 37/37 MP: 6/6
   805 | D:4      | Found a glowing drain.
   817 | Sewer    | Entered a sewer
   973 | Sewer    | Reached skill level 4 in Axes
   980 | Sewer    | Reached XP level 5. HP: 43/44 MP: 7/7
  1105 | Sewer    | Reached XP level 6. HP: 40/50 MP: 8/8
  1181 | D:4      | Identified the ring of Heresy {rPois SInv}
  1217 | D:4      | Noticed Natasha
  1219 | D:4      | Killed Natasha
  1242 | D:4      | Noticed Natasha
  1245 | D:4      | Killed Natasha
  1381 | D:3      | Found Yskuk's Armour Shop.
  1460 | D:3      | Reached skill level 5 in Axes
  1608 | D:2      | Noticed Sigmund
  1610 | D:2      | Sigmund changed into Sigmund the frilled lizard
  1610 | D:2      | Noticed Sigmund
  1613 | D:2      | Killed Sigmund the frilled lizard
  3273 | D:4      | Reached XP level 7. HP: 51/56 MP: 9/9
  3337 | D:4      | Reached skill level 6 in Axes
  3451 | D:4      | Noticed Natasha
  3454 | D:4      | Killed Natasha
  4486 | D:6      | Reached skill level 7 in Axes
  4647 | D:6      | Reached XP level 8. HP: 30/66 MP: 10/10
  4880 | D:6      | Noticed Maggie
  5311 | D:6      | Reached skill level 5 in Fighting
  6006 | D:7      | Reached skill level 8 in Axes
  7483 | D:7      | Identified the ring "Atsiumal" {rCorr Int+2 Dex+6}
  7484 | D:7      | Noticed a slime creature
  7490 | D:7      | Noticed an unseen horror
  7513 | D:7      | Reached XP level 9. HP: 40/78 MP: 11/11
  7735 | D:7      | Noticed a gargoyle
  7782 | D:7      | Mangled by a gargoyle

Illustrated notes

Levels and vault maps discovered:
D:1:      matt_arrival_grand_opening, layout_basic
D:2:      layout_rooms, basic_altar, uniq_sigmund
D:3:      layout_loops_cross, serial_shops, shop
D:4:      layout_rooms, trog_ov_bears_minmay, minmay_temple_entry_from_below_a,
          portal_sewer_entry_f, uniq_natasha
D:5:      layout_layer_cave, xom_butterflies, serial_park_tiny_2
D:6:      layout_basic, uniq_maggie
D:7:      minmay_the_grid_triangle_9x9_recursive_2
          [minmay_the_grid_triangle_9x9_prize_special,
          minmay_the_grid_triangle_9x9_windchime,
          minmay_the_grid_triangle_9x9_negative_grid,
          minmay_the_grid_triangle_9x9_flanged_cone], layout_loops_ring,
          nicolae_gozag_cash_rules_everything_around_me,
          nicolae_wu_jian_glorious_leap
Temple:   nicolae_temple_bog_church

Skill      XL: |  1  2  3  4  5  6  7  8 |
---------------+-------------------------+-----
Axes           | 2 3 4 5 7 8 |  8.9
Dodging        | 2 |  2.0
Evocations     | 1 2 3 4 |  4.0
Fighting       | 4 6 |  6.6
Stealth        | |  4.6

Action                     |  1- 3 |  4- 6 |  7- 9 || total
---------------------------+-------+-------+-------++-------
  Melee: Hand axe          |    11 |    62 |   129 ||   202
         Whip              |       |    57 |    25 ||    82
         Punch             |       |     1 |       ||     1
   Fire: Sling             |    10 |   139 |   110 ||   259
  Throw: Dart              |       |       |     6 ||     6
  Evoke: Wand              |    16 |     3 |     7 ||    26
    Use: Potion            |     1 |       |     1 ||     2
         Scroll            |     1 |       |    12 ||    13
   Stab: Sleeping          |     1 |     1 |       ||     2
 Armour: Leather armour    |    14 |    11 |       ||    25
         Scale mail        |       |    21 |    31 ||    52
         Robe              |       |    27 |    65 ||    92
  Dodge: Dodged            |    13 |    80 |   114 ||   207
  Block: Buckler           |       |       |    14 ||    14

Table legend: (Time is in decaauts)
 A = Elapsed time spent in this place.
 B = Non-inter-level travel time spent in this place.
 C = Inter-level travel time spent in this place.
 D = Time resting spent in this place.
 E = Time spent auto-exploring this place.
 F = Levels seen in this place.
 G = Mean time per level.
                   A        B        C        D        E       F      G
               +--------+--------+--------+--------+--------+-----+--------+
         Total |   8098 |   7656 |    442 |   1074 |   4191 |   9 |  899.8 |
       Dungeon |   7637 |   7195 |    442 |   1074 |   4052 |   7 | 1091.0 |
        Temple |      3 |      3 |      0 |      0 |      0 |   1 |    3.0 |
         Sewer |    457 |    457 |      0 |      0 |    139 |   1 |  457.0 |
               +--------+--------+--------+--------+--------+-----+--------+

Top non-repeatable levels by time:
     D:6: 1748 daAuts
     D:5: 1625 daAuts
     D:7: 1484 daAuts
     D:1: 799 daAuts
     D:4: 749 daAuts
     D:3: 721 daAuts
     D:2: 508 daAuts
   Sewer: 457 daAuts
  Temple: 3 daAuts
